 Dungeon Sprint DCSS version 0.30.1-11-g7821555f0a (webtiles) character file.

Game seed: 13265004169402964547

12443 Groucho the Unseen (level 11, -12/63 HPs)
             Began as a Spriggan Enchanter on Dec 24, 2023.
             Was a High Priest of Sif Muna.
             Killed from afar by a crystal guardian (30 damage)
             ... with a crystal bolt
             ... in the Dungeon (Sprint II: "The Violet Keep of Menkaure").
             The game lasted 00:13:32 (1204 turns).

Groucho the Unseen (Spriggan Enchanter)             Turns: 1204, Time: 00:13:32

Health: -12/63     AC:  6    Str:  4    XL:     11   Next: 62%
Magic:  25/26      EV: 29    Int: 23    God:    Sif Muna [*****.]
Gold:   896        SH:  8    Dex: 17    Spells: 22/30 levels left

rFire   + . .        a - +1 dagger
rCold   . . .        k - +2 buckler {AC+3}
rNeg    . . .        j - +0 robe "Otekos" {rF+ Int+3}
rPois   +            (helmet restricted)
rElec   .            n - +0 cloak
rCorr   .            (gloves unavailable)
SInv    +            (boots unavailable)
Will    +....        (no amulet)
Stlth   ++++++++     f - ring of flight
HPRegen 0.30/turn    (no ring)
MPRegen 0.20/turn

%: no teleportation
@: flying, hasted, invisible, very quick
A: very small, no large weapons, unfitting armour, see invisible, speed 3,
mutation resistance 1, poison resistance
a: Renounce Religion, Channel Magic, Forget Spell, Divine Exegesis


You were in the Dungeon.
You worshipped Sif Muna.
Sif Muna was extremely pleased with you.
You visited 1 branch You collected 1886 gold pieces.
You spent 990 gold pieces at shops.

Inventory:

Hand Weapons
 a - a +1 dagger (weapon)
Armour
 b - a +0 robe
 j - the +0 robe "Otekos" (worn) {rF+ Int+3}
   (You bought it in a shop in the Dungeon)

   Int:       It affects your intelligence (+3).
   rF:        It protects you from fire.
 k - a +2 buckler of protection (worn)
 n - a +0 cloak (worn)
Jewellery
 f - a ring of flight (left hand)
Scrolls
 i - 2 scrolls of blinking
 o - a scroll of fog {unknown}
 q - a scroll of vulnerability {unknown}
 s - a scroll of summoning {unknown}
 t - a scroll of torment {unknown}
 u - 3 scrolls of identify {unknown}
 v - a scroll of amnesia {unknown}
 w - 2 scrolls of magic mapping {unknown}
 x - a scroll of enchant armour {unknown}
Potions
 c - 4 potions of resistance {unknown}
 d - 4 potions of curing
 e - a potion of heal wounds
 g - 7 potions of magic
 h - a potion of berserk rage
 m - a potion of cancellation {unknown}
 r - 7 potions of flight {unknown}
 z - a potion of ambrosia {unknown}
 A - a potion of brilliance {unknown}


   Skills:
 - Level 10.0 Fighting
 - Level 10.0 Short Blades
 - Level 18.0 Dodging
 + Level 20.9 Stealth
 - Level 7.0 Shields
 - Level 10.0 Spellcasting
 - Level 14.0 Hexes
 + Level 4.2 Invocations


You had 22 spell levels left.
You knew the following spells:

 Your Spells              Type           Power      Damage    Failure   Level
a - Ensorcelled Hibernat  Hex/Ice        86%        N/A       1%          2
b - Confusing Touch       Hex            66%        N/A       1%          3
c - Dazzling Flash        Conj/Hex       86%        N/A       1%          3

Your spell library contained the following spells:

 Spells                   Type           Power      Damage    Failure   Level
 Tukima's Dance           Hex            66%        N/A       1%          3
 Fulminant Prism          Conj/Hex       21%        3d12      5%          4
 Animate Dead             Necr           11%        N/A       67%         4
 Dispel Undead            Necr           11%        3d9       67%         4
 Flame Wave               Conj/Fire      11%        2d6       67%         4
 Passage of Golubria      Tloc           11%        N/A       67%         4
 Summon Ice Beast         Ice/Summ       11%        N/A       67%         4


Dungeon Overview and Level Annotations

Branches:
Dungeon (1/1)

Altars:
Cheibriados
Dithmenos
Elyvilon
Fedhas
Gozag
Hepliaklqana
Kikubaaqudgha
Makhleb
Nemelex Xobeh
Okawaru
Qazlal
Ru
Sif Muna
Trog
Uskayaw
Vehumet
Wu Jian
Xom
Yredelemnul
Zin
The Shining One
Jiyva
Lugonu

Shops:
D [!:[?(:==(?!=[[

Annotations:
D exclusions: oklob plant and orange crystal statue, Roxanne


Innate Abilities, Weirdness & Mutations

You are very small and have problems with some larger weapons.
You are too small for most types of armour.
You have supernaturally acute eyesight. (SInv)
You cover ground extremely quickly. (Speed+++)
You are somewhat resistant to further mutation.
Your system is resistant to poisons. (rPois)


Message History

Aiming: Ensorcelled Hibernation (safe; 1% risk of failure)
Press: ? - help, Shift-Dir - straight line, f - death drake
Aim: a death drake (wandering, unable to see you, hasn't noticed you, chance to affect: 50%)
The death drake looks drowsy...
The helpless death drake fails to defend itself.
You perforate the death drake like a sieve!!!!!
You kill the death drake!
Sif Muna accepts your kill. The crystal guardian misses you.
Your Invocations skill gained 2 levels and is now at level 3!
Unknown command.
The helpless death drake fails to defend itself.
You perforate the death drake like a sieve!!!!!
You kill the death drake!
Sif Muna accepts your kill.
Your Invocations skill increases to level 4!
Unknown command.
The crystal guardian fires a crystalline bolt at you.
The crystal bolt misses you. The crystal bolt freezes you!!!
Ouch! That really hurt!
* * * LOW HITPOINT WARNING * * *
The crystal bolt freezes the crystal guardian.
The crystal guardian completely resists.
The crystal bolt freezes the crystal guardian.
The crystal guardian completely resists.
Unknown command.
You see here Sif Muna's Second Course in Spellcraft {god gift}.
You pick up Sif Muna's Second Course in Spellcraft {god gift} and begin reading...
You add the spells Flame Wave, Fulminant Prism, Summon Ice Beast, Animate Dead, Dispel Undead and Passage of Golubria to your library.
The crystal guardian fires a crystalline bolt at you.
The crystal bolt misses you. x2
The crystal bolt freezes the crystal guardian.
The crystal guardian completely resists.
Unknown command.
You feel much better. The crystal guardian hits you!!
* * * LOW HITPOINT WARNING * * *
Unknown command.
The crystal guardian fires a crystalline bolt at you.
The crystal bolt freezes you!!
You die...

≈§≈S ##≈...### #°.°▓▓▓▓▓▓▓▓▓▓
≈°≈≈ #)§.....###...▓≈≈≈≈≈≈§≈▓▓
'°#+++#####...^#!##}:▓▓▓▓▓▓▓▓▓▓▓
.......#..'...^#.†#::▓...).().▓▓
##+# ..#[(####.#.9#):▓)).)..[.▓▓
#.####.####..'.##.#°}▓......).▓▓
.##..# ...#.[#.^.####▓....)(.)▓▓
#...####..#####..##.#▓..).[.(.▓▓
##'###.##..#..'.@#..#▓.[..[...▓▓
##.##..##..#..#..#.)#▓.[.....[▓▓
'.<.'##.'..####..##.#▓.)..)...▓▓
##.##..##....###...##▓▓▓▓▓▓▓'▓▓▓▓
##'###.##......~~~~~~~~~~~~~...≈≈
#.#.####~~...§§~#'########'###.≈≈
..#..#~~~~§§~§.~#_._._...#~~§##≈≈
#.#.##~~~§§~~§§§#._._._._#~~≈≈###
##+##~§~≈§§§~~~~#_._._._.#~~~§§##


You could see a crystal guardian.

Vanquished Creatures
  A deep elf master archer (D)
  A kraken (D)
  2 sphinxes (D)
  An ice dragon (D)
  2 boulder beetles (D)
  An iron elemental (D)
  2 death drakes (D)
  2 deep trolls (D)
  3 shining eyes (D)
  A yaktaur (D)
  3 polar bears (D)
  A hornet (D)
  A blink frog (D)
  4 neqoxecs (D)
  Menkaure (D)
  3 water moccasins (D)
  2 swamp drakes (D)
  4 necrophages (D)
  4 scorpions (D)
39 creatures vanquished.

Vanquished Creatures (others)
  A water moccasin (D)
  2 tentacles (D)
3 creatures vanquished.

Grand Total: 42 creatures vanquished

Notes
Turn   | Place    | Note
-------+----------+-------------------------------------------
     0 | D        | Groucho the Spriggan Enchanter began the quest for the Orb.
     0 | D        | Reached XP level 1. HP: 9/9 MP: 5/5
     3 | D        | Noticed a neqoxec
     3 | D        | Noticed a neqoxec
     3 | D        | Noticed a neqoxec
     3 | D        | Noticed a neqoxec
     6 | D        | Noticed a scorpion
     6 | D        | Noticed a scorpion
     6 | D        | Noticed a scorpion
     6 | D        | Noticed a scorpion
    11 | D        | Killed a scorpion
    12 | D        | Reached skill level 6 in Stealth
    12 | D        | Reached skill level 5 in Hexes
    12 | D        | Reached XP level 2. HP: 15/15 MP: 6/8
    12 | D        | Reached XP level 3. HP: 18/18 MP: 6/9
    16 | D        | Killed a scorpion
    17 | D        | Reached skill level 5 in Dodging
    17 | D        | Reached skill level 8 in Stealth
    17 | D        | Reached skill level 5 in Spellcasting
    17 | D        | Reached XP level 4. HP: 24/24 MP: 7/12
    17 | D        | Killed a scorpion
    18 | D        | Reached skill level 5 in Short Blades
    18 | D        | Reached skill level 10 in Stealth
    18 | D        | Reached XP level 5. HP: 29/29 MP: 7/13
    21 | D        | Reached skill level 5 in Fighting
    21 | D        | Reached skill level 11 in Stealth
    31 | D        | Killed a neqoxec
    32 | D        | Reached skill level 15 in Stealth
    32 | D        | Reached XP level 6. HP: 35/35 MP: 8/14
    32 | D        | Killed a neqoxec
    38 | D        | Gained mutation: You are clumsy. (Dex -2) [a neqoxec]
    42 | D        | Gained mutation: Potions are less effective at restoring
                  | your health. [a neqoxec]
    46 | D        | Gained mutation: You are weak. (Str -2) [a neqoxec]
    49 | D        | Killed a neqoxec
    50 | D        | Reached XP level 7. HP: 39/39 MP: 9/15
    87 | D        | Noticed a boulder beetle
    87 | D        | Noticed a boulder beetle
    92 | D        | Killed a boulder beetle
    93 | D        | Reached skill level 10 in Short Blades
    93 | D        | Reached XP level 8. HP: 43/43 MP: 13/16
   100 | D        | Killed a boulder beetle
   101 | D        | Reached skill level 10 in Spellcasting
   101 | D        | Reached XP level 9. HP: 47/47 MP: 13/24
   356 | D        | Learned a level 2 spell: Ensorcelled Hibernation
   360 | D        | Noticed an orange crystal statue
   366 | D        | Noticed Menkaure
   375 | D        | Learned a level 3 spell: Confusing Touch
   382 | D        | Killed Menkaure
   384 | D        | Found Fefur's Armour Emporium.
   384 | D        | Found Wolyux's Jewellery Shoppe.
   384 | D        | Found Vydengua's Antique Armour Shoppe.
   384 | D        | Found Epputz's Distillery.
   384 | D        | Found Zatosof's Magic Scroll Shoppe.
   385 | D        | Found Fynoufyl's Antique Weapon Shoppe.
   386 | D        | Found Peicsi's Jewellery Shoppe.
   386 | D        | Found Raal's Jewellery Emporium.
   387 | D        | Found Xekeuklo's Book Shoppe.
   387 | D        | Found Mataus's Antique Weapon Emporium.
   390 | D        | Found Ygricitt's Magic Scroll Shoppe.
   390 | D        | Found Idusk's Antique Armour Emporium.
   390 | D        | Noticed an oklob plant
   391 | D        | Found Boijas's Distillery.
   391 | D        | Found Urokk's Antique Armour Emporium.
   391 | D        | Found Ciwui's Book Shoppe.
   402 | D        | Noticed a polar bear
   405 | D        | Noticed a polar bear
   419 | D        | Bought a ring of flight for 192 gold pieces
   424 | D        | Bought a faintly humming robe for 165 gold pieces
   424 | D        | Identified the +0 robe "Otekos" {rF+ Int+3} (You bought it
                  | in a shop in the Dungeon)
   424 | D        | Bought a shiny buckler for 217 gold pieces
   438 | D        | Learned a level 3 spell: Dazzling Flash
   460 | D        | Bought a potion of mutation for 104 gold pieces
   460 | D        | Bought a potion of mutation for 104 gold pieces
   460 | D        | Lost mutation: You are clumsy. (Dex -2) [potion of
                  | mutation]
   460 | D        | Lost mutation: Potions are less effective at restoring your
                  | health. [potion of mutation]
   460 | D        | Gained mutation: You occasionally lose the ability to read
                  | scrolls when taking damage. [potion of mutation]
   460 | D        | Gained mutation: Your system is resistant to poisons.
                  | (rPois) [potion of mutation]
   461 | D        | Lost mutation: You occasionally lose the ability to read
                  | scrolls when taking damage. [potion of mutation]
   461 | D        | Lost mutation: You are weak. (Str -2) [potion of mutation]
   461 | D        | Gained mutation: You are somewhat resistant to further
                  | mutation. [potion of mutation]
   481 | D        | Found an iron altar of Okawaru.
   481 | D        | Found an opulent altar of Gozag.
   482 | D        | Found a sparkling altar of Nemelex Xobeh.
   482 | D        | Found a blossoming altar of Fedhas.
   483 | D        | Found a radiant altar of Vehumet.
   483 | D        | Found a burning altar of Makhleb.
   483 | D        | Found a white marble altar of Elyvilon.
   484 | D        | Found a hide-covered altar of Uskayaw.
   484 | D        | Found a corrupted altar of Lugonu.
   484 | D        | Found a shadowy altar of Dithmenos.
   485 | D        | Found a glowing silver altar of Zin.
   485 | D        | Found a bloodstained altar of Trog.
   485 | D        | Found an ancient bone altar of Kikubaaqudgha.
   487 | D        | Found a basalt altar of Yredelemnul.
   487 | D        | Found a shimmering blue altar of Sif Muna.
   487 | D        | Found a viscous altar of Jiyva.
   488 | D        | Found a shimmering altar of Xom.
   488 | D        | Found a sacrificial altar of Ru.
   490 | D        | Found a glowing golden altar of the Shining One.
   490 | D        | Found an ornate altar of the Wu Jian Council.
   490 | D        | Found a stormy altar of Qazlal.
   490 | D        | Found a snail-covered altar of Cheibriados.
   490 | D        | Found a hazy altar of Hepliaklqana.
   490 | D        | Noticed a polar bear
   491 | D        | Noticed a yaktaur
   496 | D        | Became a worshipper of Sif Muna the Loreminder
   512 | D        | Noticed a deep elf master archer
   517 | D        | Killed a deep elf master archer
   518 | D        | Reached skill level 10 in Fighting
   518 | D        | Reached skill level 1 in Shields
   521 | D        | Noticed an iron elemental
   524 | D        | Killed an iron elemental
   524 | D        | Reached * piety under Sif Muna
   533 | D        | Noticed an ice dragon
   536 | D        | Killed an ice dragon
   537 | D        | Reached XP level 10. HP: 59/59 MP: 25/25
   544 | D        | Noticed a shining eye
   544 | D        | Noticed a shining eye
   544 | D        | Noticed a shining eye
   546 | D        | Killed a shining eye
   548 | D        | Killed a shining eye
   548 | D        | Reached ** piety under Sif Muna
   549 | D        | Killed a shining eye
   550 | D        | Reached skill level 10 in Dodging
   576 | D        | Reached *** piety under Sif Muna
   605 | D        | Noticed Roxanne
   681 | D        | Bought 2 potions of invisibility for 208 gold pieces
   726 | D        | Noticed a kraken
   741 | D        | Killed a kraken
   741 | D        | Reached **** piety under Sif Muna
   742 | D        | Reached XP level 11. HP: 63/63 MP: 26/26
   892 | D        | Noticed a deep troll
   893 | D        | Noticed a deep troll
   895 | D        | Killed a deep troll
   896 | D        | Killed a deep troll
   897 | D        | Reached skill level 16 in Stealth
   918 | D        | Noticed a sphinx
   919 | D        | Noticed a sphinx
   927 | D        | Killed a sphinx
   927 | D        | Reached ***** piety under Sif Muna
   928 | D        | Reached skill level 18 in Stealth
   934 | D        | Killed a sphinx
   935 | D        | Reached skill level 20 in Stealth
  1185 | D        | Noticed a death drake
  1190 | D        | Noticed a death drake
  1190 | D        | Noticed a crystal guardian
  1192 | D        | Received a gift from Sif Muna
  1193 | D        | Reached skill level 1 in Invocations
  1195 | D        | Killed a death drake
  1197 | D        | Killed a death drake
  1200 | D        | Got Sif Muna's Second Course in Spellcraft {god gift}
  1204 | D        | Killed from afar by a crystal guardian

Illustrated notes

Levels and vault maps discovered:
D:        the_violet_keep_of_menkaure [sprint2_stairs_cluster_1,
          sprint2_shoproom, sprint2_temple, sprint2_basic_supplies,
          sprint2_obstacle_4, sprint2_obstacle_6, sprint2_obstacle_5,
          sprint2_obstacle_7, sprint2_obstacle_2, sprint2_timed_cluster_1,
          sprint2_smallroom_cluster_1, sprint2_smallroom_final_cluster_1,
          sprint2_transparent_cluster_1, sprint2_second_timed_cluster_1,
          sprint2_sniper_area_1, sprint2_heavy_combat_area_1,
          sprint2_mutation_trap_area_1, sprint2_forest_area_1,
          sprint2_light_combat_area_1, sprint2_behind_water_1,
          sprint2_near_end_vault_1]

Skill      XL: |  1  2  3  4  5  6  7  8  9 10 11 |
---------------+----------------------------------+-----
Fighting       | 2 3 4 5 10 | 10.0
Short Blades   | 3 4 5 10 | 10.0
Dodging        | 4 5 16 18 | 18.0
Stealth        | 6 8 10 15 20 | 20.9
Spellcasting   | 4 5 10 | 10.0
Hexes          | 5 6 11 14 | 14.0
Shields        | 6 7 |  7.0
Invocations    | 4 |  4.2

Action                     |  1- 3 |  4- 6 |  7- 9 | 10-12 || total
---------------------------+-------+-------+-------+-------++-------
  Melee: Dagger            |     6 |    23 |    27 |    44 ||   100
         Punch             |       |     1 |       |       ||     1
   Cast: Confusing Touch   |       |       |     1 |     3 ||     4
         Ensorcelled Hiber |       |       |     1 |    14 ||    15
    Use: Potion            |     2 |       |     3 |     4 ||     9
   Stab: Invisible         |     2 |     6 |     5 |     3 ||    16
         Sleeping          |     1 |       |     6 |    18 ||    25
         Confused          |       |       |     1 |     4 ||     5
 Armour: Robe              |       |       |       |     1 ||     1
  Dodge: Dodged            |     6 |     7 |    11 |    43 ||    67
  Block: Buckler           |       |       |       |     4 ||     4
